 Dungeon Crawl Stone Soup version 0.28-a0-653-g7e9dba17c3 (webtiles) character file.

Game seed: 6194390970673173125

0 Gargoyl the Skirmisher (level 1, -4/23 HPs)
             Began as a Gnoll Abyssal Knight on Oct 12, 2021.
             Was a Follower of Lugonu.
             Killed from afar by a will-o-the-wisp (6 damage)
             ... with a foxfire
             ... on level 1 of the Abyss.
             The game lasted 00:00:26 (124 turns).

Gargoyl the Skirmisher (Gnoll Abyssal Knight)        Turns: 124, Time: 00:00:27

Health: -4/23      AC:  3    Str: 12    XL:     1   Next: 0%
Magic:  3/3        EV: 12    Int:  9    God:    Lugonu [*.....]
Gold:   19         SH:  0    Dex: 12    Spells: 0/0 levels left

rFire   . . .      SeeInvis .   a - +1 hand axe
rCold   . . .      Faith    .   (no shield)
rNeg    . . .      Spirit   .   b - +0 leather armour
rPois   .          Reflect  .   (no helmet)
rElec   .          Harm     .   (no cloak)
rCorr   .          Rampage  .   (no gloves)
Will    .....                   (no boots)
Stlth   +.........              (no amulet)
HPRegen 0.07/turn               (no ring)
MPRegen 0.08/turn               (no ring)

@: confused
A: fangs 1, strong nose, distributed training
a: Renounce Religion, Depart the Abyss


You were on level 1 of the Abyss.
You worshipped Lugonu.
Lugonu was aware of your devotion.
You visited 0 branches of the dungeon, and saw 0 of its levels.
You visited the Abyss 1 time.

You collected 19 gold pieces.

Inventory:

Hand Weapons
 a - a +1 hand axe (weapon)
Armour
 b - a +0 leather armour (worn)


   Skills:
 + Level 6.4 Fighting
 + Level 0.0 Short Blades
 + Level 0.0 Long Blades
 + Level 4.4 Axes
 + Level 0.0 Maces & Flails
 + Level 0.0 Polearms
 + Level 0.0 Staves
 + Level 0.0 Slings
 + Level 0.0 Bows
 + Level 0.0 Crossbows
 + Level 0.0 Throwing
 + Level 4.4 Armour
 + Level 2.3 Dodging
 + Level 0.0 Stealth
 + Level 0.0 Shields
 + Level 0.0 Unarmed Combat
 + Level 0.0 Spellcasting
 + Level 0.0 Conjurations
 + Level 0.0 Hexes
 + Level 0.0 Summonings
 + Level 0.0 Necromancy
 + Level 0.0 Translocations
 + Level 0.0 Transmutations
 + Level 0.0 Fire Magic
 + Level 0.0 Ice Magic
 + Level 0.0 Air Magic
 + Level 0.0 Earth Magic
 + Level 0.0 Poison Magic
 + Level 4.4 Invocations
 + Level 0.0 Evocations


You couldn't memorise any spells.
You didn't know any spells.
Your spell library was empty.

Dungeon Overview and Level Annotations

Branches:
Dungeon (0/15)

Altars:


Innate Abilities, Weirdness & Mutations

You have very sharp teeth.
Your uncanny sense of smell can sniff out nearby items.
Your experience applies equally to all skills.


Message History

As you read the scroll labelled CUCUUNNAACO, it crumbles to dust.
You feel strangely unstable.
You feel the power of the Abyss delaying your translocation!
It was a scroll of teleportation.
A small abomination comes into view.
A worldbinder comes into view.
You are suddenly pulled into a different region of the Abyss!
An ogre comes into view. It is wielding a +0 giant club.
The ogre shouts!
An azure jelly comes into view.
The azure jelly quivers.
A golden eye comes into view.
The golden eye turns its gaze towards you.
Found 68 gold pieces, a fizzy sapphire potion, a shiny ring mail and 10 arrows.
Unknown command.
A will-o-the-wisp comes into view.
Found 2 atropa-tipped darts.
A vampire mosquito comes into view.
The golden eye blinks at you.
You are confused.
An acid blob comes into view.
A naga warrior comes into view. It is wielding a +0 trident.
The will-o-the-wisp gestures.
The will-o-the-wisp conjures some foxfire!
The vampire mosquito moves out of view. 2 foxfires come into view.
A naga mage comes into view. It is wielding a +0 flail.
The naga mage shouts!
The naga warrior shouts!
The vampire mosquito buzzes angrily.
The acid blob quivers.
The foxfire hits you!!
Ouch! That really hurt!
* * * LOW HITPOINT WARNING * * *
The golden eye blinks at you.
You are more confused.
A tyrant leech comes into view.
The will-o-the-wisp gestures.
The will-o-the-wisp conjures some foxfire!
The foxfire hits you.
You die...

.. ##..# ≈ #≈
..#..# #. .≈ #
...#.. .≈.
.§N##..#.# ..
N§##.#..##
###$([O§§..
####$#$≈#§#≈#
wv§§v@J#≈#≈###
vv#§y#G.§..##.
§§#§.#§§.#..
§#J.#§#...
§§§.#..#.
#####.. #.. P#
..## . ..#


You could see a naga warrior, an acid blob, an azure jelly, a tyrant leech, a
will-o-the-wisp, a naga mage, a vampire mosquito, an ogre and a golden eye.

Vanquished Creatures (others)
  A foxfire (Abyss:1)
1 creature vanquished.

Notes
Turn   | Place    | Note
-------+----------+-------------------------------------------
     0 | Abyss:1  | Gargoyl the Gnoll Abyssal Knight began the quest for the
                  | Orb.
     0 | Abyss:1  | Reached XP level 1. HP: 23/23 MP: 3/3
   113 | Abyss:1  | Noticed a small abomination
   120 | Abyss:1  | Noticed a worldbinder
   122 | Abyss:1  | Noticed an ogre
   122 | Abyss:1  | Noticed an azure jelly
   122 | Abyss:1  | Noticed a golden eye
   123 | Abyss:1  | Noticed a will-o-the-wisp
   123 | Abyss:1  | Noticed a vampire mosquito
   123 | Abyss:1  | Noticed an acid blob
   123 | Abyss:1  | Noticed a naga warrior
   124 | Abyss:1  | Noticed a naga mage
   124 | Abyss:1  | Noticed a tyrant leech
   124 | Abyss:1  | Killed from afar by a will-o-the-wisp

Illustrated notes

Levels and vault maps discovered:
Abyss:1:  evilmike_abyss_exit_12, gammafunk_corrupted_shrine, base: Temple,
          hangedman_abyss_theft

Action                   || total
-------------------------++-------
  Use: Scroll            ||     1

Table legend: (Time is in decaauts)
 A = Elapsed time spent in this place.
 B = Non-inter-level travel time spent in this place.
 C = Inter-level travel time spent in this place.
 D = Time resting spent in this place.
 E = Time spent auto-exploring this place.
 F = Levels seen in this place.
 G = Mean time per level.
                   A        B        C        D        E       F      G
               +--------+--------+--------+--------+--------+-----+--------+
         Total |    127 |    127 |      0 |      0 |     66 |   1 |  127.0 |
         Abyss |    127 |    127 |      0 |      0 |     66 |   1 |  127.0 |
               +--------+--------+--------+--------+--------+-----+--------+

Top non-repeatable levels by time:
 Abyss:1: 127 daAuts
